PCL
NASHVILLE SOUNDS @ MEMPHIS REDBIRDS
07/23/2099
 
TOP OF THE 1ST
Nashville Sounds batting - Pitching for Memphis Redbirds : RHP Calvin Carter
Pitching: RHP Calvin Carter
Batting: LHB Chris West 0-0: Ball
1-0: Swinging Strike
1-1: Ball
2-1: Called Strike
2-2: Strikes out swinging
Batting: RHB Mike Gohring 0-0: Called Strike
0-1: Swinging Strike
0-2: Strikes out swinging
Batting: LHB Steve Witmer 0-0: Ball
1-0: Swinging Strike
1-1: Foul Ball, location: 7LDF
1-2: Strikes out swinging
Top of the 1st over - 0 runs, 0 hits, 0 errors, 0 left on base; Nashville 0 - Memphis 0
BOTTOM OF THE 1ST
Memphis Redbirds batting - Pitching for Nashville Sounds : RHP Jimmy Burch
Pitching: RHP Jimmy Burch
Batting: RHB Billy Haynes 0-0: Foul Ball, location: 7LSF
0-1: Ball
1-1: Foul Ball, location: 5F
1-2: Ball
2-2: Foul Ball, location: 9LMF
2-2: Foul Ball, location: 3DF
2-2: Strikes out swinging
Batting: LHB Doug Sullivan 0-0: SINGLE (Groundball, 56D, EV 103.8 MPH)
Batting: SHB Chris Klapp 0-0: Called Strike
Doug Sullivan steals 2nd base
0-1: SINGLE (Groundball, 6MD, EV 98.8 MPH)
Doug Sullivan to third
Batting: LHB Robert White 0-0: Ball
1-0: Swinging Strike
1-1: Called Strike
1-2: Ball
2-2: Foul Ball, location: 2F
2-2: DOUBLE (Groundball, 3L, EV 105.0 MPH)
Doug Sullivan scores
Chris Klapp to third
Runner from 3rd tries for Home, SAFE, throw by RF to trailing runner, SAFE at third!
Batting: RHB Chris Reed 0-0: Called Strike
0-1: Foul Ball, location: 2F
0-2: Foul Ball, location: 7LSF
0-2: Ground out U3 (Groundball, 34, EV 101.3 MPH)
Batting: RHB Jayden Whaley 0-0: Called Strike
0-1: Called Strike
0-2: Fly out, F7 (Flyball, 7, EV 88.1 MPH)
Bottom of the 1st over - 2 runs, 3 hits, 0 errors, 1 left on base; Nashville 0 - Memphis 2
TOP OF THE 2ND
Nashville Sounds batting - Pitching for Memphis Redbirds : RHP Calvin Carter
Batting: SHB Danny Jaworski 0-0: Ball
1-0: Called Strike
1-1: Ball
2-1: Foul Ball, location: 3DF
2-2: Ball
3-2: Fly out, F8 (Flyball, 89M, EV 84.4 MPH)
Batting: LHB Billy Stengel 0-0: Called Strike
0-1: Fly out, F8 (Flyball, 8RXD, EV 85.6 MPH)
Batting: SHB John Gilley 0-0: Swinging Strike
0-1: SINGLE (Groundball, 4MD, EV 101.3 MPH)
Batting: RHB Malachi Bazile 0-0: Ball
John Gilley is caught stealing 2nd base 2-4
Top of the 2nd over - 0 runs, 1 hit, 0 errors, 0 left on base; Nashville 0 - Memphis 2
BOTTOM OF THE 2ND
Memphis Redbirds batting - Pitching for Nashville Sounds : RHP Jimmy Burch
Batting: LHB Jonathan Steben 0-0: Called Strike
0-1: Ball
1-1: Foul Ball, location: 2F
1-2: Ball
2-2: Ball
3-2: Base on Balls
Batting: RHB Benito Ovalle 0-0: Called Strike
0-1: Called Strike
0-2: Grounds into double play, 5-4-3 (Groundball, 5, EV 101.3 MPH)
Batting: RHB Izzy Mina 0-0: Ball
1-0: Called Strike
1-1: Ball
2-1: Foul Ball, location: 2F
2-2: Strikes out looking
Bottom of the 2nd over - 0 runs, 0 hits, 0 errors, 0 left on base; Nashville 0 - Memphis 2
TOP OF THE 3RD
Nashville Sounds batting - Pitching for Memphis Redbirds : RHP Calvin Carter
Batting: RHB Malachi Bazile 0-0: Ball
1-0: Called Strike
1-1: Ball
2-1: Ball
3-1: Foul Ball, location: 2F
3-2: SINGLE (Line Drive, 9S, EV 91.9 MPH)
Batting: RHB Parker Sanburn Jr. 0-0: Swinging Strike
0-1: Called Strike
Malachi Bazile steals 2nd base
0-2: Ground out 4-3 (Groundball, 4S, EV 83.1 MPH)
Malachi Bazile to third
Batting: RHB Jamal Smith 0-0: Called Strike
0-1: Swinging Strike
0-2: Foul Ball, location: 23F
0-2: Foul Ball, location: 23F
0-2: Strikes out swinging
Batting: LHB Chris West 0-0: Called Strike
0-1: Ball
1-1: DOUBLE (Line Drive, 8RXD, EV 100.0 MPH)
Malachi Bazile scores
Batting: RHB Mike Gohring 0-0: Ball
1-0: Swinging Strike
1-1: Swinging Strike
1-2: Strikes out looking
Top of the 3rd over - 1 run, 2 hits, 0 errors, 1 left on base; Nashville 1 - Memphis 2
BOTTOM OF THE 3RD
Memphis Redbirds batting - Pitching for Nashville Sounds : RHP Jimmy Burch
Batting: RHB Billy Haynes 0-0: Ground out 5-3 (Groundball, 5L, EV 81.9 MPH)
Batting: LHB Doug Sullivan 0-0: Swinging Strike
0-1: SOLO HOME RUN (Flyball, 7D, EV 99.4 MPH), Distance : 371 ft
Batting: SHB Chris Klapp 0-0: Called Strike
0-1: Ball
1-1: Swinging Strike
1-2: Ball
2-2: Strikes out swinging
Batting: LHB Robert White 0-0: Called Strike
0-1: Ball
1-1: Ground out 3-1 (Groundball, 34S, EV 75.6 MPH)
Bottom of the 3rd over - 1 run, 1 hit, 0 errors, 0 left on base; Nashville 1 - Memphis 3
TOP OF THE 4TH
Nashville Sounds batting - Pitching for Memphis Redbirds : RHP Calvin Carter
Batting: LHB Steve Witmer 0-0: Called Strike
0-1: Ball
1-1: Foul Ball, location: 23F
1-2: Fly out, F8 (Flyball, 8RS, EV 96.3 MPH)
Batting: SHB Danny Jaworski 0-0: Ball
1-0: Called Strike
1-1: Fly out, F8 (Flyball, 8LM, EV 81.9 MPH)
Batting: LHB Billy Stengel 0-0: Ball
1-0: Foul Ball, location: 25F
1-1: SINGLE (Line Drive, 7LS, EV 89.4 MPH)
Batting: SHB John Gilley 0-0: Ball
1-0: Called Strike
1-1: Swinging Strike
1-2: Foul Ball, location: 2RF
1-2: Ball
2-2: Ball
3-2: SINGLE (Groundball, 34, EV 101.3 MPH)
Billy Stengel to second
Billy Stengel to third
Batting: RHB Malachi Bazile 0-0: Ball
1-0: Ball
Wild Pitch!
Billy Stengel scores
John Gilley to second
2-0: DOUBLE (Line Drive, 89M, EV 105.0 MPH)
John Gilley scores
Batting: RHB Parker Sanburn Jr. 0-0: Foul Ball, location: 7LMF
0-1: Fly out, F6 (Line Drive, 6, EV 76.9 MPH)
Top of the 4th over - 2 runs, 3 hits, 0 errors, 1 left on base; Nashville 3 - Memphis 3
BOTTOM OF THE 4TH
Memphis Redbirds batting - Pitching for Nashville Sounds : RHP Jimmy Burch
Batting: RHB Chris Reed 0-0: Called Strike
0-1: Ball
1-1: Foul Ball, location: 9LMF
1-2: Ground out 6-3 (Groundball, 56, EV 108.1 MPH)
Batting: RHB Jayden Whaley 0-0: Fly out, F9 (Line Drive, 9, EV 95.0 MPH)
Batting: LHB Jonathan Steben 0-0: Fly out, F5 (Popup, 5SF, EV 73.8 MPH)
Bottom of the 4th over - 0 runs, 0 hits, 0 errors, 0 left on base; Nashville 3 - Memphis 3
TOP OF THE 5TH
Nashville Sounds batting - Pitching for Memphis Redbirds : RHP Calvin Carter
Batting: RHB Jamal Smith 0-0: Ball
1-0: Swinging Strike
1-1: Foul Ball, location: 2F
1-2: Foul Ball, location: 7LSF
1-2: Ball
2-2: Strikes out swinging
Batting: LHB Chris West 0-0: Ball
1-0: Ball
2-0: Ball
3-0: Base on Balls
Batting: RHB Mike Gohring 0-0: Called Strike
0-1: Foul Ball, location: 2F
0-2: Hit by Pitch
Chris West to second
Batting: LHB Steve Witmer 0-0: Ball
1-0: Swinging Strike
1-1: Swinging Strike
1-2: Strikes out swinging
Batting: SHB Danny Jaworski 0-0: Ball
1-0: Called Strike
1-1: Ball
2-1: Foul Ball, location: 2LF
2-2: Strikes out swinging
Top of the 5th over - 0 runs, 0 hits, 0 errors, 2 left on base; Nashville 3 - Memphis 3
BOTTOM OF THE 5TH
Memphis Redbirds batting - Pitching for Nashville Sounds : RHP Jimmy Burch
Batting: RHB Benito Ovalle 0-0: Ball
1-0: Ball
2-0: Foul Ball, location: 3SF
2-1: SINGLE (Line Drive, 89S, EV 100.0 MPH)
Batting: RHB Izzy Mina 0-0: Ball
1-0: Ball
2-0: Ball
3-0: Called Strike
3-1: Called Strike
3-2: Foul Ball, location: 2LF
3-2: Foul Ball, location: 2F
3-2: SINGLE (Groundball, 56D, EV 95.0 MPH) (infield hit)
Benito Ovalle to second
Batting: RHB Billy Haynes 0-0: Ball
1-0: Grounds into double play, 5-4-3 (Groundball, 5S, EV 84.4 MPH)
Benito Ovalle to third
Batting: LHB Doug Sullivan 0-0: Ball
1-0: Called Strike
1-1: Foul Ball, location: 2F
1-2: Foul Ball, location: 7LSF
1-2: Ball
2-2: Strikes out looking
Bottom of the 5th over - 0 runs, 2 hits, 0 errors, 1 left on base; Nashville 3 - Memphis 3
TOP OF THE 6TH
Nashville Sounds batting - Pitching for Memphis Redbirds : RHP Calvin Carter
Batting: LHB Billy Stengel 0-0: Foul Ball, location: 2F
0-1: Called Strike
0-2: Ball
1-2: Fly out, F1 (Popup, 15, EV 90.6 MPH)
Batting: SHB John Gilley 0-0: Ball
1-0: Called Strike
1-1: Foul Ball, location: 3F
1-2: Ball
2-2: Foul Ball, location: 2F
2-2: Strikes out swinging
Batting: RHB Malachi Bazile 0-0: Called Strike
0-1: Ground out U3 (Groundball, 34, EV 99.4 MPH)
Top of the 6th over - 0 runs, 0 hits, 0 errors, 0 left on base; Nashville 3 - Memphis 3
BOTTOM OF THE 6TH
Memphis Redbirds batting - Pitching for Nashville Sounds : RHP Jimmy Burch
Batting: SHB Chris Klapp 0-0: Called Strike
0-1: Ball
1-1: Ball
2-1: Ball
3-1: Foul Ball, location: 7LDF
3-2: Foul Ball, location: 3F
3-2: Base on Balls
Batting: LHB Robert White 0-0: Called Strike
Chris Klapp steals 2nd base
0-1: Ball
1-1: Intentional Walk
Batting: RHB Chris Reed 0-0: Called Strike
0-1: Ball
1-1: Reached on error, E8 (Line Drive, 8LD, EV 97.5 MPH)
Chris Klapp to third
Robert White to second
Batting: RHB Jayden Whaley 0-0: Called Strike
0-1: Swinging Strike
0-2: Foul Ball, location: 2F
0-2: Foul Ball, location: 9LDF
0-2: Ball
1-2: Fly out, F9 (Flyball, 9S, EV 90.0 MPH)
Batting: LHB Jonathan Steben 0-0: Ball
1-0: Foul Ball, location: 2F
1-1: Grounds into double play, 4-6-3 (Groundball, 4, EV 86.3 MPH)
Bottom of the 6th over - 0 runs, 0 hits, 1 error, 2 left on base; Nashville 3 - Memphis 3
TOP OF THE 7TH
Nashville Sounds batting - Pitching for Memphis Redbirds : RHP Calvin Carter
Batting: RHB Parker Sanburn Jr. 0-0: Called Strike
0-1: Ball
1-1: Called Strike
1-2: Fly out, F9 (Flyball, 89S, EV 73.1 MPH)
Batting: RHB Jamal Smith 0-0: Called Strike
0-1: Foul Ball, location: 2F
0-2: Ball
1-2: Strikes out looking
Batting: LHB Chris West 0-0: Foul Ball, location: 2F
0-1: Ball
1-1: Foul Ball, location: 3F
1-2: Ball
2-2: Ball
3-2: Strikes out swinging
Top of the 7th over - 0 runs, 0 hits, 0 errors, 0 left on base; Nashville 3 - Memphis 3
BOTTOM OF THE 7TH
Memphis Redbirds batting - Pitching for Nashville Sounds : RHP Jimmy Burch
Batting: RHB Benito Ovalle 0-0: Ball
1-0: Ball
2-0: Foul Ball, location: 5FF
2-1: Ball
3-1: Foul Ball, location: 9LDF
3-2: Foul Ball, location: 3F
3-2: Strikes out looking
Pitching: RHP Victor Zaragoza
Pinch Hitting: LHB Brett Rinehart 0-0: Called Strike
0-1: Ball
1-1: Ball
2-1: Called Strike
2-2: Ball
3-2: Foul Ball, location: 2F
3-2: Base on Balls
Pinch Hitting: LHB Mario Marquez 0-0: Called Strike
0-1: Ball
1-1: SINGLE (Line Drive, 56, EV 97.5 MPH)
Brett Rinehart to second
Batting: LHB Doug Sullivan 0-0: Ball
1-0: Foul Ball, location: 5F
1-1: Called Strike
1-2: Ball
2-2: Ball
3-2: Strikes out swinging
Batting: SHB Chris Klapp 0-0: Called Strike
0-1: Foul Ball, location: 2LF
0-2: Fly out, F6 (Popup, 6M, EV 65.6 MPH)
Bottom of the 7th over - 0 runs, 1 hit, 0 errors, 2 left on base; Nashville 3 - Memphis 3
TOP OF THE 8TH
Nashville Sounds batting - Pitching for Memphis Redbirds : RHP Calvin Carter
Pitching: RHP Matt Green
Now at SS: Pat Fry
Now in CF: Brett Rinehart
Batting: RHB Mike Gohring 0-0: Swinging Strike
0-1: Foul Ball, location: 3FF
0-2: Ball
1-2: Fly out, F8 (Flyball, 8LXD, EV 107.5 MPH)
Batting: LHB Steve Witmer 0-0: Ball
1-0: Called Strike
1-1: Ball
2-1: Fly out, F5 (Popup, 56S, EV 76.9 MPH)
Batting: SHB Danny Jaworski 0-0: Ball
1-0: Swinging Strike
1-1: Ball
2-1: Swinging Strike
2-2: SINGLE (Line Drive, 34D, EV 106.9 MPH)
Batting: LHB Billy Stengel 0-0: Called Strike
0-1: Swinging Strike
0-2: Ball
1-2: Strikes out swinging
Top of the 8th over - 0 runs, 1 hit, 0 errors, 1 left on base; Nashville 3 - Memphis 3
BOTTOM OF THE 8TH
Memphis Redbirds batting - Pitching for Nashville Sounds : RHP Victor Zaragoza
Pitching: RHP Mario Rodriguez
Batting: LHB Robert White 0-0: Called Strike
0-1: Ball
1-1: SOLO HOME RUN (Line Drive, 89XD, EV 103.8 MPH), Distance : 418 ft
Batting: RHB Chris Reed 0-0: Called Strike
0-1: Fly out, F3 (Popup, 3F, EV 78.1 MPH)
Batting: RHB Jayden Whaley 0-0: Foul Ball, location: 2LF
0-1: Called Strike
0-2: Ball
1-2: Foul Ball, location: 25FF
1-2: Ball
2-2: Ball
3-2: Strikes out swinging
Batting: LHB Jonathan Steben 0-0: Ball
1-0: Foul Ball, location: 3F
1-1: Called Strike
1-2: Foul Ball, location: 2F
1-2: Foul Ball, location: 7LSF
1-2: Foul Ball, location: 2F
1-2: Ball
2-2: Ball
3-2: SOLO HOME RUN (Flyball, 78XD, EV 100.0 MPH), Distance : 395 ft
Batting: RHB Benito Ovalle 0-0: Ball
1-0: Swinging Strike
1-1: Swinging Strike
1-2: Foul Ball, location: 25F
1-2: Ball
2-2: Strikes out swinging
Bottom of the 8th over - 2 runs, 2 hits, 0 errors, 0 left on base; Nashville 3 - Memphis 5
TOP OF THE 9TH
Nashville Sounds batting - Pitching for Memphis Redbirds : RHP Matt Green
Now in CF: Jamie Mertens
Now in RF: Brett Rinehart
Batting: SHB John Gilley 0-0: Swinging Strike
0-1: Foul Ball, location: 5F
0-2: Ball
1-2: Strikes out swinging
Pinch Hitting: LHB Mike Lucas 0-0: Called Strike
0-1: Foul Ball, location: 7LSF
0-2: Foul Ball, location: 3F
0-2: Ball
1-2: Strikes out looking
Pinch Hitting: LHB Clay Sellers 0-0: Ball
1-0: Foul Ball, location: 25F
1-1: Ball
2-1: Ball
3-1: Base on Balls
Batting: RHB Jamal Smith 0-0: Called Strike
0-1: Called Strike
0-2: Strikes out swinging
Top of the 9th over - 0 runs, 0 hits, 0 errors, 1 left on base; Nashville 3 - Memphis 5
Sunday, May 12th , 2024 - OOTP Baseball 24.11 Build 85